 Dungeon Crawl Stone Soup version 0.30-a0-269-gf0224bf7b6 (webtiles) character file.

Game seed: 16659637925927739301

341 Lennethare the Magician (level 6, -2/45 HPs)
             Began as a Draconian Necromancer on Oct 14, 2022.
             Splashed by a jelly's acid (8 damage)
             ... on level 4 of the Dungeon.
             The game lasted 00:06:50 (2577 turns).

Lennethare the Magician (Draconian Necromancer)     Turns: 2577, Time: 00:06:56

Health: -2/45      AC: -6    Str: 10    XL:     6   Next: 30%
Magic:  14/14      EV: 12    Int: 18    God:
Gold:   180        SH:  0    Dex: 11    Spells: 7/15 levels left

rFire   . . .      SeeInvis .    i - +0 mace
rCold   + . .      Faith    .    (no shield)
rNeg    . . .      Spirit   .    (body armour unavailable)
rPois   .          Reflect  .    (helmet restricted)
rElec   .          Harm     .    (no cloak)
rCorr   .          Rampage  .    (no gloves)
Will    .....                    (no boots)
Stlth   ++........               o - amulet of the acrobat
HPRegen 0.27/turn                g - ring of flight
MPRegen 0.14/turn                n - ring of protection from cold

@: corroded, flying
A: AC +6, unfitting armour, cold-blooded
a: no special abilities


You were on level 4 of the Dungeon.
You visited 1 branch of the dungeon, and saw 4 of its levels.

You collected 180 gold pieces.

Inventory:

Hand Weapons
 e - a +0 whip
 i - a +0 mace (weapon)
Jewellery
 g - a ring of flight (left hand)
 n - a ring of protection from cold (right hand)
 o - an amulet of the acrobat (around neck)
 p - a ring of resist corrosion
Wands
 r - a wand of flame (23)
Scrolls
 b - a scroll of enchant weapon {unknown}
 f - 2 scrolls of vulnerability {unknown}
 j - 2 scrolls of identify {unknown}
 l - a scroll of brand weapon {unknown}
 q - a scroll of summoning {unknown}
 s - a scroll of enchant armour {unknown}
Potions
 a - a potion of magic
 c - a potion of lignification {unknown}
 d - 2 potions of mutation {unknown}
 h - a potion of curing {unknown}
 k - 2 potions of heal wounds {unknown}
 m - a potion of invisibility {unknown}
 t - a potion of ambrosia {unknown}


   Skills:
 - Level 1.7 Dodging
 - Level 1.7 Stealth
 + Level 5.4 Spellcasting
 + Level 5.2 Necromancy


You had 7 spell levels left.
You knew the following spells:

 Your Spells              Type           Power      Damage    Failure   Level
a - Necrotise             Necr           92%        1d8       1%          1
b - Vampiric Draining     Necr           23%        2d7       4%          3
c - Animate Dead          Necr           23%        N/A       16%         4

Your spell library contained the following spells:

 Spells                   Type           Power      Damage    Failure   Level
 Agony                    Necr           23%        N/A       38%         5


Dungeon Overview and Level Annotations

Branches:
Dungeon (4/15)
 Temple: D:4-7

Altars:
Ashenzari


Innate Abilities, Weirdness & Mutations

Your plain brown scales are hard. (AC +6)
You cannot fit into any form of body armour.
You are cold-blooded and may be slowed by cold attacks.


Message History

(D) Dungeon
Where to? (Enter - D:2, ? - help)
What level of the Dungeon? (default 1, ? - help)
There is a stone staircase leading up here.
There is a stone staircase leading down here.
You fly downwards.
There is a stone staircase leading up here.
A jelly is nearby!
The helpless jelly fails to defend itself.
You hit the jelly.
Your hands burn!
The jelly is lightly wounded.
The jelly completely misses you.
You hit the jelly.
Your hands burn!
Your tail-slap misses the jelly.
The jelly is lightly wounded.
The jelly misses you.
You hit the jelly.
Your hands burn!
You tail-slap the jelly.
The jelly is heavily wounded.
The jelly hits you but does no damage. The jelly hits you.
You are splashed with acid.
You hit the jelly. The acid corrodes you!
Your hands burn!
The jelly is severely wounded.
The jelly closely misses you.
You hit the jelly.
Your hands burn!
You tail-slap the jelly, but do no damage.
The jelly is almost dead.
The jelly completely misses you. The jelly hits you but does no damage.
You hit the jelly but do no damage.
Your hands burn!
You tail-slap the jelly, but do no damage.
The jelly is almost dead.
The jelly misses you.
You barely miss the jelly.
The jelly is almost dead.
The jelly hits you. The acid corrodes you!
You are splashed with acid.
You hit the jelly but do no damage. The acid corrodes you!
Your hands burn!
* * * LOW HITPOINT WARNING * * *
The jelly is almost dead.
The jelly hits you.
* * * LOW HITPOINT WARNING * * *
The acid corrodes you!
You are splashed with acid!
You die...

## .#
##.##
#####...#
#...J@..#
#.###...#
.#### #.
##


You could see a jelly.

Vanquished Creatures
  Sigmund (D:3)
  A hound (D:3)
  Jessica (D:3)
  2 adders
  3 gnolls (D:3)
  A worm (D:3)
  4 dart slugs
  An orc (D:3)
  4 endoplasms
  4 giant cockroaches
  2 goblins
  10 hobgoblins
  2 jackals (D:2)
  4 kobolds
  2 quokkas
  3 ball pythons
  9 bats
  3 frilled lizards
  8 rats
65 creatures vanquished.

Vanquished Creatures (collateral kills)
  A hobgoblin (D:1)
1 creature vanquished.

Grand Total: 66 creatures vanquished

Notes
Turn   | Place    | Note
-------+----------+-------------------------------------------
     0 | D:1      | Lennethare the Draconian Necromancer began the quest for
                  | the Orb.
     0 | D:1      | Reached XP level 1. HP: 14/14 MP: 3/3
   270 | D:1      | Reached XP level 2. HP: 20/20 MP: 0/5
   390 | D:1      | Found a faded altar of an unknown god.
   753 | D:2      | Reached XP level 3. HP: 25/26 MP: 4/7
   953 | D:2      | Learned a level 3 spell: Vampiric Draining
  1379 | D:2      | You are sucked into a shaft and drop 1 floor!
  1492 | D:3      | Found a broken altar of Ashenzari.
  1510 | D:3      | Reached XP level 4. HP: 31/33 MP: 2/10
  1676 | D:3      | Learned a level 4 spell: Animate Dead
  1683 | D:3      | Identified the +2 leather armour "Xyhivech" {Int+4 Dex+3}
  1810 | D:3      | Reached XP level 5. HP: 20/38 MP: 2/12
  2160 | D:3      | Noticed Sigmund
  2160 | D:3      | Noticed Jessica
  2432 | D:3      | Killed Jessica
  2473 | D:3      | Killed Sigmund
  2474 | D:3      | Reached skill level 5 in Spellcasting
  2474 | D:3      | Reached skill level 5 in Necromancy
  2474 | D:3      | Reached XP level 6. HP: 27/45 MP: 10/14
  2577 | D:4      | Splashed by a jelly's acid

Illustrated notes

Levels and vault maps discovered:
D:1:      moated_graveyard_arrival, layout_basic, shapermc_ecumenical_altar_venn
D:2:      layout_basic, chequers_serial_rivers_small_b
D:3:      layout_loops_ring, ashenzari_conservatory_becter,
          minmay_misc_feat_square, uniq_sigmund, uniq_jessica
D:4:      cheibrodos_greedy_goblins, layout_loops_ring, kennysheep_mini,
          amcnicky_altar_gilded, serial_glass, glass_columns_b, glass_columns_b

Skill      XL: |  1  2  3  4  5 |
---------------+----------------+-----
Spellcasting   | 3 4 5 |  5.4
Necromancy     | 5 |  5.2
Dodging        | |  1.7
Stealth        | |  1.7

Action                   |  1- 3 |  4- 6 || total
-------------------------+-------+-------++-------
Melee: Whip              |    22 |       ||    22
       Unarmed           |     4 |       ||     4
       Mace              |    64 |    94 ||   158
       Tailslap          |     9 |    17 ||    26
       Punch             |     1 |       ||     1
 Cast: Necrotise         |    33 |     4 ||    37
       Vampiric Draining |     2 |     4 ||     6
 Stab: Sleeping          |     3 |     3 ||     6
Armor: Skin              |    39 |    18 ||    57
Dodge: Dodged            |    81 |    63 ||   144

Table legend: (Time is in decaauts)
 A = Elapsed time spent in this place.
 B = Non-inter-level travel time spent in this place.
 C = Inter-level travel time spent in this place.
 D = Time resting spent in this place.
 E = Time spent auto-exploring this place.
 F = Levels seen in this place.
 G = Mean time per level.
                   A        B        C        D        E       F      G
               +--------+--------+--------+--------+--------+-----+--------+
         Total |   2641 |   2600 |     41 |     94 |   1834 |   4 |  660.2 |
       Dungeon |   2641 |   2600 |     41 |     94 |   1834 |   4 |  660.2 |
               +--------+--------+--------+--------+--------+-----+--------+

Top non-repeatable levels by time:
     D:3: 1178 daAuts
     D:1: 734 daAuts
     D:2: 717 daAuts
     D:4: 10 daAuts
